 Dungeon Crawl Stone Soup version 0.19-a0-48-g9fa930a (webtiles) character file.

35476 Nomnom the Thaumaturge (level 13, 0/78 HPs)
             Began as a Gargoyle Earth Elementalist on May 6, 2016.
             Was a High Priest of Vehumet.
             Slain by a black mamba (6 damage)
             ... on level 4 of the Lair of Beasts.
             The game lasted 01:22:49 (22233 turns).

Nomnom the Thaumaturge (GrEE)                      Turns: 22233, Time: 01:22:50

Health: 0/78       AC: 20    Str: 14    XL:     13   Next: 84%
Magic:  4/38       EV: 15    Int: 23    God:    Vehumet [*****.]
Gold:   1031       SH:  0    Dex: 12    Spells: 7 memorised, 8 levels left

rFire  . . .     SeeInvis +     p - +0 mace (crush)
rCold  . . .     Gourm    .     m - +0 robe {Archmagi}
rNeg   + . .     Faith    .     (no shield)
rPois  ∞         Spirit   .     o - +0 hat {MR+}
rElec  +         Dismiss  .     u - +0 cloak
rCorr  .         Reflect  .     j - +2 pair of gloves
SustAt .         Harm     .     (no boots)
MR     +....                    (no amulet)
Stlth  +++.......               C - ring of magical power
                                G - +4 ring of intelligence

@: somewhat resistant to hostile enchantments, fairly stealthy
A: horns 1, iridescent scales 1, thin skeletal structure 1, see invisible,
negative energy resistance 1, electricity resistance, unbreathing, petrification
resistance, rot immunity, AC +9
a: Renounce Religion


You were on level 4 of the Lair of Beasts.
You worshipped Vehumet.
Vehumet was extremely pleased with you.
You were hungry.

You visited 3 branches of the dungeon, and saw 16 of its levels.

You collected 1069 gold pieces.
You spent 38 gold pieces at shops.

Inventory:

Hand Weapons
 l - a +0 whip of venom
 p - a +0 mace of crushing (weapon)
 y - a +4 rapier
 K - a +2 war axe of electrocution
Missiles
 b - 162 stones (quivered)
Armour
 j - a +2 pair of gloves (worn)
 m - a +0 robe of the Archmagi (worn)
 o - a +0 hat of magic resistance (worn)
 u - a +0 cloak (worn)
 N - a +1 robe of cold resistance
Rods
 x - a -2 lightning rod (10/10)
   (You took it off a centaur on level 10 of the Dungeon)
Jewellery
 h - a +5 ring of dexterity
 r - an uncursed ring of positive energy
 v - an uncursed ring of flight
 C - a ring of magical power (right hand)
 E - an uncursed ring of fire
 G - a +4 ring of intelligence (left hand)
Wands
 q - a wand of digging (7/24)
 t - a wand of digging (19/24)
 A - a wand of flame (39/48)
 F - a wand of random effects (35/48)
 H - a wand of slowing (14/48)
 L - a wand of digging (12/24)
 M - a wand of disintegration (5/24)
 U - a wand of polymorph (11/24)
Scrolls
 f - a scroll of blinking
 k - a scroll of teleportation
 n - 5 scrolls of remove curse
 I - a scroll of fog
 J - 4 scrolls of magic mapping
 R - a scroll of immolation
 S - 2 scrolls of identify
Potions
 a - a potion of flight
 i - 4 potions of brilliance
 s - a potion of mutation
 w - 2 potions of curing
 z - 2 potions of ambrosia
 Q - a potion of cure mutation
Books
 c - a book of Geomancy

   Spells                             Type                      Level
   a - Sandblast                      Earth                        1
   b - Passwall                       Transmutation/Earth          2
   c - Stone Arrow                    Conjuration/Earth            3
   d - Petrify                        Transmutation/Earth          4
   e - Lee's Rapid Deconstruction     Earth                        5
 e - a book of Callings

   Spells                             Type                      Level
   a - Summon Small Mammal            Summoning                    1
   b - Call Imp                       Summoning                    2
   c - Call Canine Familiar           Summoning                    3
   d - Summon Guardian Golem          Hexes/Summoning              3
   e - Summon Lightning Spire         Summoning/Air                4
   f - Summon Ice Beast               Ice/Summoning                4
 B - a book of Necromancy

   Spells                             Type                      Level
   a - Pain                           Necromancy                   1
   b - Animate Skeleton               Necromancy                   1
   c - Vampiric Draining              Necromancy                   3
   d - Regeneration                   Charms/Necromancy            3
   e - Animate Dead                   Necromancy                   4
   f - Control Undead                 Necromancy                   4
Miscellaneous
 O - a box of beasts
Comestibles
 d - 7 bread rations
 g - 12 meat rations
 P - a slice of pizza
 T - 4 fruits
 V - a beef jerky


   Skills:
 + Level 8.2 Fighting
 + Level 7.4 Maces & Flails
 - Level 6.0 Armour
 + Level 6.6 Dodging
 - Level 2.1 Stealth
 * Level 12.0 Spellcasting
 * Level 8.2 Conjurations
   Level 0.7 Transmutations
 * Level 6.0 Fire Magic
 + Level 11.8 Earth Magic


You had 8 spell levels left.
You knew the following spells:

 Your Spells              Type           Power        Failure   Level  Hunger
a - Sandblast             Erth           ######       1%          1    None
b - Stone Arrow           Conj/Erth      ######       1%          3    None
c - Lee's Rapid Deconstr  Erth           #######...   1%          5    ####...
d - Regeneration          Chrm/Necr      ###.......   14%         3    None
e - Bolt of Magma         Conj/Fire/Erth ######....   1%          5    ####...
f - Poison Arrow          Conj/Pois      #####.....   54%         6    #####..
g - Fireball              Conj/Fire      ######....   2%          5    ####...


Dungeon Overview and Level Annotations

Branches:
Dungeon (10/15)            Temple (1/1) D:4            Lair (5/8) D:10
  Swamp (0/4) Lair:4          Orc (0/2) D:10
  Snake: Lair:3-6    Spider: Lair:3-6

Altars:
Ashenzari
Cheibriados
Dithmenos
Elyvilon
Fedhas
Gozag
Kikubaaqudgha
Makhleb
Nemelex Xobeh
Okawaru
Pakellas
Qazlal
Ru
Sif Muna
Trog
Vehumet
Xom
Yredelemnul
Zin
The Shining One
Beogh

Shops:
D:6 *!(   D:8 [   D:9 [


Innate Abilities, Weirdness & Mutations

You are resistant to torment.
Your stone body is resilient (AC +9).
You are immune to poison.
You resist negative energy.
You are resistant to electric shocks.
You can survive without breathing.
You are immune to petrification.
You are immune to rotting.
You have a pair of small horns on your head.
You are partially covered in iridescent scales (AC +4).
You have a somewhat thin skeletal structure (Dex +2, Stealth).
You have supernaturally acute eyesight.


Message History

The water moccasin bites you.
* * * LOW HITPOINT WARNING * * *
The water moccasin misses you.
The black mamba bites you but does no damage.
Unknown command.
Unknown command.
You closely miss the black mamba. You headbutt the black mamba.
The black mamba is severely wounded.
The water moccasin bites you but does no damage.
The black mamba bites you but does no damage.
The water moccasin bites you.
* * * LOW HITPOINT WARNING * * *
The water moccasin bites you.
* * * LOW HITPOINT WARNING * * *
You miss the black mamba.
The black mamba is severely wounded.
The black mamba bites you!
* * * LOW HITPOINT WARNING * * *
The water moccasin barely misses you. The black mamba bites you.
You die...

#..#..# ##...........# #..^###
#...........# ##.###
####+...#.### #...# #....##.#
#..## #####....#.####### #..#
##...........§§.§§###
##..#######............§§.§§§P#
.P.....(.###...S......§§§.§§§P#
........#.##....@S....§§§.§§§.#
......<.........S.....§...§§.##
........#...#).......§§..>.§##
........##.................##
....#######.P...............#
.(..# #.#####...##....###
###.######### ##.########
##..#.PP.## ### ..........#


You could see a black mamba and 2 water moccasins.

Vanquished Creatures
  Gastronok (D:8)
  5 hydras
  4 death yaks
  A queen ant (Lair:3)
  Urug (Lair:4)
  4 elephants (Lair:3)
  6 black mambas
  Psyche (D:8)
  4 spiny frogs
  2 komodo dragons
  The ghost of Nomnom the Digger, a novice GrEE (D:6)
  3 trolls (D:10)
  2 two-headed ogres
  A wyvern (Lair:4)
  Sigmund (D:2)
  A wraith (D:10)
  3 hippogriffs
  33 yaks
  3 basilisks
  4 insubstantial wisps (Lair:4)
  16 soldier ants (Lair:3)
  8 porcupines
  10 water moccasins
  Duvessa (D:6)
  4 black bears
  9 ice beasts
  A phantom (D:4)
  8 orc warriors
  4 ogres
  3 centaurs
  A necrophage (D:10)
  21 wolves
  9 crocodiles
  Blork the orc (D:6)
  2 big kobolds
  13 giant frogs
  A water moccasin skeleton (D:6)
  Dowan (D:6)
  9 killer bees
  3 wights (D:10)
  5 electric eels (Lair:3)
  2 crimson imps
  5 howler monkeys
  A wasp zombie (D:10)
  2 hounds
  2 jellies (D:9)
  A giant frog skeleton (D:6)
  9 orc priests
  A gnoll shaman (D:9)
  Natasha (thrice) (D:2)
  A centaur skeleton (D:9)
  Terence (D:2)
  4 iguanas
  7 orc wizards
  Ijyb (D:2)
  41 worker ants
  A killer bee zombie (D:9)
  16 sheep
  A hound zombie (D:7)
  A hound skeleton (D:4)
  A mummy (D:8)
  8 gnolls (D:9)
  11 adders
  36 river rats
  3 shadow imps
  2 oozes (D:2)
  2 adder skeletons
  3 adder zombies (D:8)
  4 worms
  4 dart slugs
  5 giant geckos
  36 orcs
  7 giant cockroaches
  8 goblins
  8 hobgoblins
  11 jackals
  5 quokkas
  2 ball pythons
  15 bats
  4 giant newts
  17 kobolds
  A quokka skeleton (D:4)
  19 rats
  4 fungi
  A plant (D:10)
528 creatures vanquished.

Vanquished Creatures (others)
  A yak (Lair:4)
  18 fungi
  14 plants
33 creatures vanquished.

Grand Total: 561 creatures vanquished

Notes
Turn   | Place    | Note
--------------------------------------------------------------
     0 | D:1      | Nomnom the Gargoyle Earth Elementalist began the quest for the Orb.
     0 | D:1      | Reached XP level 1. HP: 10/10 MP: 3/3
   308 | D:1      | Reached XP level 2. HP: 15/15 MP: 3/5
  1139 | D:2      | Reached XP level 3. HP: 19/19 MP: 4/7
  1144 | D:2      | Learned a level 3 spell: Stone Arrow
  1188 | D:2      | Noticed Terence
  1229 | D:1      | Reached skill level 3 in Spellcasting
  1269 | D:2      | Killed Terence
  1269 | D:2      | Reached XP level 4. HP: 24/24 MP: 2/9
  1431 | D:2      | Noticed Sigmund
  1511 | D:2      | Noticed Natasha
  1517 | D:2      | Killed Natasha
  1629 | D:2      | Reached XP level 5. HP: 23/28 MP: 10/10
  1636 | D:2      | Learned a level 5 spell: Lee's Rapid Deconstruction
  1711 | D:2      | Noticed Ijyb
  1729 | D:2      | Killed Ijyb
  1729 | D:2      | Reached skill level 4 in Spellcasting
  1729 | D:2      | Reached skill level 5 in Earth Magic
  2156 | D:2      | Noticed Natasha
  2162 | D:2      | Killed Natasha
  2283 | D:2      | Noticed Natasha
  2295 | D:2      | Killed Natasha
  2516 | D:2      | Killed Sigmund
  2516 | D:2      | Reached skill level 5 in Spellcasting
  2516 | D:2      | Reached XP level 6. HP: 32/32 MP: 7/13
  2767 | D:2      | Found a burning altar of Makhleb.
  2767 | D:2      | Found a shimmering altar of Xom.
  3229 | D:3      | Found a faded altar to an unknown god.
  3374 | D:3      | Reached XP level 7. HP: 6/36 MP: 11/15
  4134 | D:4      | Noticed a two-headed ogre
  4140 | D:4      | Reached skill level 6 in Spellcasting
  4143 | D:4      | Killed a two-headed ogre
  4655 | D:4      | Reached XP level 8. HP: 9/41 MP: 7/18
  5181 | D:4      | Reached skill level 7 in Spellcasting
  5206 | D:4      | Found a staircase to the Ecumenical Temple.
  5263 | Temple   | Entered the Ecumenical Temple
  5457 | D:4      | Found a white marble altar of Elyvilon.
  6051 | D:5      | Entered Level 5 of the Dungeon
  6233 | D:5      | Learned a level 3 spell: Regeneration
  6290 | D:5      | Found a radiant altar of Vehumet.
  6294 | D:5      | Became a worshipper of Vehumet
  6570 | D:5      | Reached skill level 1 in Fighting
  6843 | D:6      | Found Goecs's Distillery.
  7195 | D:6      | Found Haveaw's General Store.
  7203 | D:6      | Noticed Dowan
  7206 | D:6      | Noticed Duvessa
  7224 | D:6      | Killed Dowan
  7224 | D:6      | Reached skill level 1 in Maces & Flails
  7224 | D:6      | Reached skill level 1 in Armour
  7231 | D:6      | Killed Duvessa
  7240 | D:6      | Reached skill level 8 in Spellcasting
  7366 | D:5      | Reached XP level 9. HP: 37/48 MP: 21/21
  7457 | D:6      | Bought a scroll of magic mapping for 38 gold pieces
  7501 | D:6      | Noticed Nomnom's ghost (novice GrEE)
  7513 | D:6      | Killed Nomnom's ghost
  7538 | D:6      | Found Dozache's Weapon Shoppe.
  7577 | D:6      | Noticed Blork the orc
  7582 | D:6      | Killed Blork the orc
  7762 | D:7      | Reached * piety under Vehumet
  7762 | D:7      | Offered knowledge of Shock by Vehumet.
  8510 | D:7      | Found an ancient bone altar of Kikubaaqudgha.
  8511 | D:7      | Found a basalt altar of Yredelemnul.
  8511 | D:7      | Found a glowing silver altar of Zin.
  8511 | D:7      | Found a bloodstained altar of Trog.
  8512 | D:7      | Found a glowing golden altar of the Shining One.
  8515 | D:7      | Found a shattered altar of Ashenzari.
  8667 | D:8      | Found a snail-covered altar of Cheibriados.
  8667 | D:8      | Noticed Psyche
  8680 | D:8      | Killed Psyche
  8839 | D:8      | Reached skill level 9 in Spellcasting
  8845 | D:8      | Reached XP level 10. HP: 19/56 MP: 6/23
  9315 | D:8      | Noticed Gastronok
  9511 | D:8      | Gained mutation: You have a pair of small horns on your head. [potion of mutation]
  9511 | D:8      | Gained mutation: You have supernaturally acute eyesight. [potion of mutation]
  9511 | D:8      | Gained mutation: You are partially covered in iridescent scales (AC +4). [potion of mutation]
  9542 | D:8      | Killed Gastronok
  9542 | D:8      | Reached ** piety under Vehumet
  9542 | D:8      | Offered knowledge of Freeze by Vehumet.
  9735 | D:8      | Found Xeasherch's Armour Shoppe.
 10315 | D:9      | Reached skill level 5 in Fighting
 10492 | D:9      | Reached skill level 5 in Armour
 11003 | D:9      | Found a shattered altar of Ashenzari.
 11010 | D:9      | Found Vam Zodu's Antique Armour Shoppe.
 11390 | D:10     | Entered Level 10 of the Dungeon
 11414 | D:9      | Reached skill level 10 in Spellcasting
 11417 | D:9      | Reached XP level 11. HP: 51/64 MP: 1/25
 11573 | D:9      | Found a stormy altar of Qazlal.
 11614 | D:10     | Offered knowledge of Dazzling Spray by Vehumet.
 11835 | D:10     | Reached *** piety under Vehumet
 11845 | D:10     | Found a staircase to the Lair.
 11927 | D:10     | Reached skill level 10 in Earth Magic
 12215 | D:10     | Reached skill level 5 in Dodging
 12292 | D:10     | Offered knowledge of Force Lance by Vehumet.
 12297 | D:10     | Reached skill level 5 in Maces & Flails
 12509 | D:10     | Reached **** piety under Vehumet
 12518 | D:10     | Reached skill level 1 in Conjurations
 12783 | D:10     | Found a roughly hewn altar of Beogh.
 12783 | D:10     | Found a staircase to the Orcish Mines.
 12790 | D:10     | Offered knowledge of Bolt of Magma by Vehumet.
 12804 | D:10     | Learned a level 5 spell: Bolt of Magma
 13089 | D:10     | Gained mutation: You have a somewhat thin skeletal structure (Dex +2, Stealth). [potion of beneficial mutation]
 13402 | Lair:1   | Entered Level 1 of the Lair of Beasts
 13432 | Lair:1   | Found a frozen archway.
 14017 | Lair:1   | Noticed a seven-headed hydra
 14023 | Lair:1   | Killed a seven-headed hydra
 15064 | Lair:2   | Reached skill level 1 in Fire Magic
 15064 | Lair:2   | Reached XP level 12. HP: 23/70 MP: 21/26
 15451 | Lair:2   | Reached ***** piety under Vehumet
 15451 | Lair:2   | Offered knowledge of Poison Arrow by Vehumet.
 15469 | Lair:2   | Learned a level 6 spell: Poison Arrow
 16159 | Lair:2   | Noticed a seven-headed hydra
 16166 | Lair:2   | Killed a seven-headed hydra
 16166 | Lair:2   | Reached skill level 11 in Spellcasting
 16602 | Lair:2   | Noticed an eight-headed hydra
 16618 | Lair:2   | Killed an eight-headed hydra
 16626 | Lair:2   | HP: 3/71 [water moccasin (1)]
 16627 | Lair:2   | HP: 1/71 [crocodile (6)]
 17296 | Lair:3   | Reached skill level 5 in Conjurations
 17359 | Lair:3   | Noticed a queen ant
 17761 | Lair:3   | Noticed a death yak
 17761 | Lair:3   | Noticed a death yak
 17762 | Lair:3   | Noticed a death yak
 17762 | Lair:3   | Noticed a death yak
 18273 | Lair:3   | Noticed a seven-headed hydra
 18293 | Lair:3   | Killed a seven-headed hydra
 18700 | Lair:3   | Reached XP level 13. HP: 75/76 MP: 18/28
 20594 | Lair:3   | Reached skill level 5 in Fire Magic
 21371 | Lair:4   | Found a staircase to the Swamp.
 21852 | Lair:4   | Noticed Urug
 21863 | Lair:4   | Killed Urug
 21993 | Lair:4   | Offered knowledge of Fireball by Vehumet.
 22001 | Lair:4   | Learned a level 5 spell: Fireball
 22212 | Lair:5   | Reached skill level 12 in Spellcasting
 22233 | Lair:4   | Slain by a black mamba

Vault maps used:
D:1:      shiori_shiawase, serial_park_tiny_pond
D:2:      amethyst_overflow_temple_binary, first_bread, uniq_iyjb, uniq_terence,
          uniq_natasha, uniq_sigmund
D:3:      ecumenical_altar_1
D:4:      overflow_temple_1_default, minmay_temple_entry_glassed_door
D:5:      kennysheep_mini
D:6:      serial_shops, shop, shop, nicolae_shop_crystal, uniq_duvessa,
          uniq_blork_the_orc
D:7:      minitemple
D:8:      slow_altar_1, serial_shops, nicolae_shop_crystal, uniq_gastronok,
          uniq_psyche
D:9:      nicolae_overflow_hidden_temple, basic_altar, serial_shops,
          nicolae_shop_statue_plus
D:10:     grunt_lair_entry_orc_guard_hut, david_orc_5
Temple:   nicolae_temple_figure_zero
Lair:1:   portal_ice_cave_entry_ice_beasts, infiniplex_staircase_pool_2
Lair:2:   hangedman_lair_generics_rect
Lair:3:   statuecave_lemuel, zaba_anthell
Lair:4:   minmay_swamp_entry_wisps, uniq_urug
Lair:5:   minmay_snake_entry_six_corridors, nicolae_volcano_entry_batcave,
          kennysheep_catoblepas_arena

Skill      XL: |  1  2  3  4  5  6  7  8  9 10 11 12 13 |
---------------+----------------------------------------+-----
Earth Magic    | 4 5 6 7 8 9 10 11 | 11.8
Spellcasting   | 3 5 6 8 9 10 11 12 | 12.0
Fighting       | 2 3 5 6 7 8 |  8.2
Dodging        | 2 3 4 5 6 |  6.6
Maces & Flails | 1 3 4 5 6 7 |  7.4
Armour         | 1 3 5 6 |  6.0
Conjurations   | 3 6 8 |  8.2
Fire Magic     | 1 4 6 |  6.0
Stealth        | |  2.1
Transmutations | |  0.7

Action                   |  1- 3 |  4- 6 |  7- 9 | 10-12 | 13-15 || total
-------------------------+-------+-------+-------+-------+-------++-------
Melee: Mace              |       |   134 |    89 |   214 |   152 ||   589
       Rapier            |       |       |   189 |   104 |       ||   293
       Headbutt          |       |       |       |    45 |    32 ||    77
 Cast: Sandblast         |    33 |    19 |    51 |    85 |     1 ||   189
       Stone Arrow       |     1 |     1 |    32 |   265 |   155 ||   454
       Lee's Rapid Decon |       |       |       |    29 |    22 ||    51
       Bolt of Magma     |       |       |       |     6 |     6 ||    12
Evoke: Wand              |       |       |       |     1 |     2 ||     3
  Use: Scroll            |     4 |     2 |     7 |    11 |     3 ||    27
       Potion            |     1 |     1 |     4 |    11 |     4 ||    21
 Stab: Distracted        |       |     2 |       |       |       ||     2
       Sleeping          |       |       |     6 |       |     1 ||     7
       Invisible         |       |       |       |       |     3 ||     3
  Eat: Chunk             |     1 |     7 |    16 |    28 |    14 ||    66
       Beef jerky        |       |       |     1 |     2 |       ||     3
       Bread ration      |       |       |       |     1 |       ||     1
       Pizza             |       |       |       |     1 |       ||     1
Armor: Robe              |    11 |    64 |   152 |   287 |   112 ||   626
Dodge: Dodged            |    22 |   120 |   232 |   547 |   220 ||  1141
